[Event "*** Titled Tuesday Blitz"]
[Site "Chess.com"]
[Date "2020.05.19"]
[Round "2"]
[White "Keks2017"]
[Black "Twitch_ElhamBlitz05"]
[Result "1-0"]
[WhiteElo "2520"]
[BlackElo "2751"]
[TimeControl "180+1"]
[EndTime "12:20:07 PDT"]
[Termination "Keks2017 won by checkmate"]

1. e4 c6 2. d3 d5 3. Nd2 g6 4.
Ngf3 Bg7 5. g3 Nf6 6. Bg2 O-O 7. O-O Nfd7 8. Re1 a5 9. e5 Nc5 10. Nf1 Bg4 11. h3 Bxf3 12. Bxf3 Nbd7 13. d4 Ne6 14. Bg2 c5 15. dxc5 Nxe5 16. Qxd5 Qxd5 17. Bxd5 Nxc5 18. Bf4 Nc6 19. Bxc6 bxc6 20. Rxe7 Ne6 21. Be3 Bxb2 22. Rd1 Rfd8 23. Red7 Rxd7 24. Rxd7 Rd8 25. Rxd8+ Nxd8 26. Bb6 Nb7 27. Ne3 f5 28. a4 Kf7 29. Nc4 Bc3 30. Kf1 Ke6 31. Ke2 Kd5 32. Ne3+ Ke6 33. Nc4 Bb4 34. f3 Bd6 35. g4 fxg4 36. fxg4 h5 37.
Nxa5 Nxa5 38. Bxa5 Kd5 39. Kd3 c5 40. c4+ Kc6 41.
Bd2 hxg4 42. hxg4 Kb6 43. Ke4 Kc6 44. Bf4 Be7 45. Bd2 Bd6 46. a5 Bc7 47. a6 Kb6 48.
Kd5 Kxa6 49. Kxc5 Kb7 50. Kd5 Bd8 51. Bf4 Bh4 52. Ke6 Kc6 53. Be3 Bd8 54. Kf7 Kd6 55. Kxg6 Ke5 56. g5 Ke4 57. Bf2 Kf4 58. c5 Kg4 59. c6 Kf3 60. Bc5 Ke4 61. Bd6 Kd5 62. c7 Bxg5 63. c8=Q Be3 64. Qd7 Ke4 65. Be7 Kf3 66. Bg5 Bf2 67. Qf5+ Ke2 68. Qe4+ Kf1 69.
Qf3 Kg1 70. Be3 Kh2 71. Qxf2+ Kh3 72. Qg1 Kh4 73. Kf5 Kh3 74. Kf4 Kh4 75. Qh1# 1-0

[Event "*** Titled Tuesday Blitz"]
[Site "Chess.com"]
[Date "2020.05.19"]
[Round "2"]
[White "Lovinski"]
[Black "IAgrest"]
[Result "1-0"]
[WhiteElo "2454"]
[BlackElo "2240"]
[TimeControl "180+1"]
[EndTime "12:20:09 PDT"]
[Termination "Lovinski won by resignation"]

1. Nf3 Nf6 2. g3 g6 3. Bg2 Bg7 4. d4 O-O 5. O-O d6 6. b3 Nbd7 7. Bb2 c5 8. c4 a6 9. Nc3 Rb8 10. Rc1 cxd4 11. Nxd4 Nc5 12. b4 Ne6 13. Nb3 Bd7 14. Qd2 b6 15. Nd5 h5 16. Nxf6+ exf6 17. Qxd6 Ba4 18. Rfd1 Qxd6 19. Rxd6 Rfe8 20. e3 Bf8 21.
Rd3 f5 22. a3 a5 23. Nd4 axb4 24. Nxe6 Rxe6 25. axb4 Bxb4 26. Ba3 Bc5 27. Bd5 Re7 28. Ra1 Be8 29. Rb3 Rc8 30. Rab1 Bd7 31. Bxc5 bxc5 32. Rb7 Kf8 33. Ra7 Bc6 34. Rxe7 Kxe7 35. Bxc6 Rxc6 36. Rb7+ Ke6 37. Kg2 Kf6 38. h4 Ke6 39. Kf3 Kf6 40. Kf4 Rc8 41. Rb6+ Kg7 42. Ke5 Rc7 43. Kd5 Rc8 44. Rc6 Rd8+ 45. Rd6 Ra8 46. Kxc5 Ra2 47. Kb6 Rxf2 48. c5 Rb2+ 49. Kc7 Kf8 50. c6 Ke7 51. Rd7+ Ke6 52. Rd8 Rc2 53. Re8+ Kd5 54. Kd7 Rxc6 55. Re7 Rd6+ 56. Ke8 Rf6 57. Ra7 Ke4 58. Ke7 Rb6 59.
Kxf7 Kxe3 60. Ra3+ Ke4 61. Kg7 f4 62. Ra4+ Ke5 63.
Rxf4 Ra6 64. Rf1 Rb6 65. Kh6 Ra6 66. Kg5 Rb6 67. Re1+ Kd4 68. Rf1 Ke5 69. Rf2 Ke4 70. Rf4+ Ke5 71. Rf1 Ke4 72. Ra1 Ke5 73. Ra5+ Ke4 74.
Rc5 Ra6 75. Rc7 Rb6 76. Rg7 Rb5+ 77. Kxg6 Kf3 78. Kh6 Rc5 79. Rg5 Rc6+ 80. Kxh5 Rc8 1-0

[Event "*** Titled Tuesday Blitz"]
[Site "Chess.com"]
[Date "2020.05.19"]
[Round "2"]
[White "OhanyanEminChess"]
[Black "imdarealist"]
[Result "1-0"]
[WhiteElo "2449"]
[BlackElo "2224"]
[TimeControl "180+1"]
[EndTime "12:20:09 PDT"]
[Termination "OhanyanEminChess won by resignation"]

1. e4 e5 2. Nf3 Nf6 3. Nxe5 d6 4.
Nf3 Nxe4 5. d4 d5 6. Bd3 Nd6 7. O-O Be7 8. Re1 O-O 9. Bf4 Re8 10. Nbd2 Nd7 11. c3 Nf8 12. Qc2 g6 13. Rac1 Ne6 14. Bh6 Ng7 15. Re2 Bf5 16. Rce1 Bf8 17. Rxe8 Ngxe8 18. Bxf8 Kxf8 19. Nf1 c6 20. Ng3 Bxd3 21. Qxd3 Nf6 22.
Ne5 Kg7 23. Qf3 Nd7 24. Qg4 Nf6 25. Qf3 Nd7 26. h4 Nf8 27. h5 Qg5 28. Nd3 Re8 29. Rxe8 Nxe8 30. Qe2 Nd6 31. Ne5 Ne6 32. hxg6 hxg6 33.
Nd3 Qf6 34. a3 Qg5 35. Nf1 Ne4 36. f3 Nd6 37. Qe3 Nf5 38. Qxg5 Nxg5 39. Kf2 Ne6 40. Ne3 Nxe3 41. Kxe3 f6 42. Nb4 Kf7 43. Nc2 Ke7 44. b4 Nd8 45. Kd3 Nf7 46. Ne3 Nd6 47. g4 Ke6 48. Ng2 g5 49. Ne3 f5 50. a4 f4 51. Nc2 Nc4 52. Na1 Nb2+ 53. Kc2 Nc4 54. Nb3 Ne3+ 55. Kd3 Nc4 56. Nc5+ Ke7 57. Nxb7 Kd7 58.
Nc5+ Kd6 59. a5 Nb2+ 60. Kc2 Nc4 61. Nb7+ Kc7 62. Nc5 Kd6 63. Kd1 Ne3+ 64. Ke2 Nc4 65. Nd3 Ne3 66. Ne1 Nc4 67. Nc2 Na3 68. Nxa3 Kc7 69. Kd3 Kd6 70. Kc2 Kc7 71. Kb3 Kd6 72.
b5 Kc7 73. bxc6 Kxc6 74. Kb4 a6 75. c4 Kd6 76. c5+ Kc6 77. Nb1 Kc7 78. Nc3 Kc6 79.
Kb3 1-0

[Event "*** Titled Tuesday Blitz"]
[Site "Chess.com"]
[Date "2020.05.19"]
[Round "2"]
[White "Spartakus1975"]
[Black "cukus"]
[Result "1/2-1/2"]
[WhiteElo "2676"]
[BlackElo "2475"]
[TimeControl "180+1"]
[EndTime "12:20:14 PDT"]
[Termination "Game drawn by repetition"]

1. e4 c6 2. d3 d5 3. Nd2 g6 4.
g3 Bg7 5. Bg2 e5 6. Ne2 Nf6 7.
O-O O-O 8. b3 Re8 9. Bb2 Nbd7 10. h3 b6 11. d4 dxe4 12. dxe5 Nxe5 13. Nxe4 Nxe4 14. Bxe4 Bxh3 15. Re1 Bg4 16. Qxd8 Raxd8 17. Nf4 f5 18. Bxe5 Rxe5 19. Bg2 Rxe1+ 20. Rxe1 Rd1 21. Rxd1 Bxd1 22. c4 c5 23. Bd5+ Kh8 24. Ne6 Bc2 25. Bc6 Bb1 26. a3 Bb2 27. b4 Bxa3 28. b5 Bd3 29. Bd5 Bb4 30. Nd8 Kg7 31. Nc6 Kf6 32.
f4 g5 33. Kf2 gxf4 34. gxf4 Bd2 35. Kf3 Bc2 36. Nxa7 Bd1+ 37. Kg3 h5 38. Nc8 Ba5 39. Nd6 Be1+ 40. Kh2 Bd2 41. Kg3 h4+ 42. Kxh4 Bxf4 43.
Nc8 Bc7 44. Kh3 Ke5 45. Kg2 Be2 46.
Ne7 f4 47. Nc6+ Kf5 48. Kf2 f3 49. Bxf3 Bxc4 50. Be2 Bd5 51. Ke3 Ke6 52. Bg4+ Kd6 53.
Na7 Bd8 54. Nc8+ Ke5 55. Kd3 c4+ 56. Kc3 Bc7 57. Ne7 Bf7 58. Be2 Kd6 59. Nf5+ Kc5 60. Ne3 Be5+ 61. Kc2 Kxb5 62. Ng4 Bd4 63. Nh6 Be6 64.
Bg4 Bxg4 65. Nxg4 Kc5 66. Nh2 b5 67. Nf3 b4 68. Nd2 Be3 69. Ne4+ Kd4 70. Nd6 Bf4 71. Nf5+ Kc5 72. Ng7 b3+ 73. Kb1 c3 74. Ne6+ Kc4 75.
Nxf4 Kd4 76. Ne2+ Kd3 77. Nc1+ Kc4 78. Ne2 Kd3 79. Nc1+ Kc4 80. Ne2 Kd3 1/2-1/2

[Event "*** Titled Tuesday Blitz"]
[Site "Chess.com"]
[Date "2020.05.19"]
[Round "2"]
[White "Shivagami"]
[Black "TudorAnton"]
[Result "1-0"]
[WhiteElo "2189"]
[BlackElo "2497"]
[TimeControl "180+1"]
[EndTime "12:20:15 PDT"]
[Termination "Shivagami won by resignation"]

1. d4 Nf6 2. c4 e6 3. Nc3 Bb4 4. f3 O-O 5. a3 Bxc3+ 6. bxc3 b6 7. e4 Ne8 8. Bd3 c5 9. d5 Ba6 10. Nh3 Nd6 11. Qe2 exd5 12. cxd5 Bxd3 13. Qxd3 c4 14. Qd4 Na6 15. O-O Nc5 16. Bf4 Nb3 17.
Qf2 Nb5 18. Ra2 Nxc3 19. Rc2 Nb5 20. Rxc4 Nc5 21. a4 Nd3 22. Qe3 Nxf4 23. Qxf4 Na3 24. Rc3 Qe7 25. d6 Qe6 26. Rxa3 Rac8 27. Ng5 Qc4 28.
Raa1 Qd4+ 29. Kh1 h6 30. Nh3 Rc2 31. Rac1 Qxa4 32. Rxc2 Qxc2 33. Qc1 Qd3 34. Rd1 Qb5 35. Qc7 a5 36. Nf4 a4 37. Nd5 Qb3 38. Rc1 b5 39.
Qxd7 a3 40. Ne7+ Kh8 41. Qa7 Qb2 42. Rg1 b4 43. d7 a2 44. Qa5 Qd2 45. Nc6 Qxd7 46.
Nxb4 Rc8 47. Nxa2 Rc2 48. Nb4 Rd2 49. Qa8+ Kh7 50. Nd5 Rc2 51. Qf8 Rc8 52. Qe7 Qc6 53.
Qxf7 Re8 54. Qf5+ Kg8 55. Qg4 Kh8 56. h3 Rc8 57. Rd1 Qd6 58. Rg1 Rf8 59. f4 Re8 60.
f5 Qe5 61. Re1 Ra8 62. Qf4 Qe8 63. f6 Ra7 64. fxg7+ Kh7 65. Nf6+ Kxg7 66. Nxe8+ Kh8 67. Qf6+ Kg8 68. Re3 Rf7 69. Rg3+ Kf8 70. Qh8+ Ke7 71. Rg7 Ke6 72. Rxf7 Kxf7 73. Qxh6 Ke7 74. Qf4 Kd7 75. h4 Ke6 76. h5 Ke7 77. h6 Kd7 78. h7 Ke7 1-0

[Event "*** Titled Tuesday Blitz"]
[Site "Chess.com"]
[Date "2020.05.19"]
[Round "2"]
[White "szachuspl"]
[Black "Anton_Demchenko"]
[Result "0-1"]
[WhiteElo "2532"]
[BlackElo "2842"]
[TimeControl "180+1"]
[EndTime "12:20:17 PDT"]
[Termination "Anton_Demchenko won by resignation"]

1. d4 Nf6 2. c4 d6 3. Nc3 e5 4. Nf3 Nc6 5. e4 Bg4 6. d5 Nd4 7. Be2 Nxe2 8. Qxe2 Be7 9. h3 Bxf3 10. Qxf3 O-O 11. O-O Ne8 12. Qg4 Kh8 13. Be3 g6 14.
f4 exf4 15. Bxf4 Bf6 16. Rae1 Qe7 17. Qe2 Be5 18. Nd1 Nf6 19. Bg5 h6 20. Bxh6 Nh5 21.
Bxf8 Rxf8 22. Qg4 Bd4+ 23. Kh1 Be5 24. Rf3 Kg8 25. b3 Nf6 26. Qg5 Nxd5 27. Qxe7 Nxe7 28.
Ne3 a5 29. Ng4 Nc6 30. Ref1 Kg7 31. Nxe5 Nxe5 32. R3f2 b6 33. Rd1 Rh8 34. Kg1 Rh4 35.
Re2 Kf8 36. a3 Ke7 37. Re3 Kd7 38. Kf2 a4 39. bxa4 Nxc4 40. Rf3 Ne5 41. Re3 Rh8 42.
Rd4 Ra8 43. Rc3 c5 44. Rd5 Rxa4 45. Ke3 Kc6 46. Kf4 f6 47. g4 b5 48. Rd2 Nc4 49. Rdd3 Ra8 50. h4 Ne5 51. h5 Nxd3+ 52. Rxd3 gxh5 53. gxh5 Rh8 54. Rh3 c4 55. Kf5 Kc5 56.
Kg6 Kd4 57. Kg7 Ra8 58. h6 Kxe4 59. h7 d5 60. Rh4+ Kd3 61. Rh3+ Kc2 62. Rf3 d4 63. Rxf6 d3 64. Rf8 Ra7+ 65. Rf7 Ra8 66. Rf8 Ra7+ 67. Rf7 Rxf7+ 68. Kxf7 d2 69. h8=Q d1=Q 70.
Qh7+ Qd3 71. Qh5 Qb3 72. Qc5 Kb2 73. Ke6 c3+ 74. Ke5 c2 75. Qf2 Kb1 76. Qe1+ c1=Q 0-1

[Event "*** Titled Tuesday Blitz"]
[Site "Chess.com"]
[Date "2020.05.19"]
[Round "2"]
[White "MidnightFox"]
[Black "nubair1198"]
[Result "1/2-1/2"]
[WhiteElo "2474"]
[BlackElo "2673"]
[TimeControl "180+1"]
[EndTime "12:20:18 PDT"]
[Termination "Game drawn by stalemate"]

1. e4 g6 2. d4 Bg7 3. c4 d6 4. Nf3 Nf6 5. Nc3 O-O 6. Be2 Na6 7. O-O e5 8. Re1 c6 9. h3 exd4 10. Nxd4 Nc5 11. Bf1 Re8 12. f3 a5 13. Kh1 Nh5 14. Rb1 Qh4 15. Nde2 Be5 16. Be3 Be6 17. b3 Rad8 18.
Qd2 Ng3+ 19. Kg1 Nxf1 20. Rxf1 Bf6 21. Rbd1 Bc8 22. Bd4 Bg5 23. f4 Bh6 24. Bf2 Qe7 25. Ng3 Bg7 26. Bd4 Bh6 27. Qf2 Ne6 28. Be3 Bg7 29. Nce2 Nc5 30. Bxc5 dxc5 31. e5 f6 32. Kh1 fxe5 33. f5 Rxd1 34. Rxd1 e4 35. fxg6 hxg6 36.
Qe3 Bf5 37. Nxf5 gxf5 38. Ng3 Qe5 39. Nh5 f4 40. Nxf4 Bh6 41. g3 Rf8 42. Rf1 Qd4 43.
Re1 Bxf4 44. gxf4 Qxe3 45. Rxe3 Rxf4 46. Kg2 Kf7 47. Kg3 Rf1 48. Rxe4 Ra1 49. Re2 Kg6 50. Rh2 Rg1+ 51. Kf2 Rc1 52. Kf3 Kg5 53. h4+ Kh5 54. Ke4 Rd1 55. Ke5 Rd4 56. Ke6 b5 57. cxb5 cxb5 58.
Ke5 a4 59. bxa4 Rxa4 60. Kd5 Rc4 61. Rb2 Rc1 62. Rxb5 c4 63. Rc5 c3 64. Kd4+ Kxh4 65.
Rxc3 Ra1 66. a3 Kg5 67. Kc4 Kf6 68. Kb4 Ke6 69. a4 Kd6 70. Kb5 Rb1+ 71. Ka6 Kd7 72. a5 Rb8 73. Ka7 Rc8 74. Rb3 Kc6 75. Rc3+ Kd7 76. Rxc8 Kxc8 77. a6 Kc7 78. Ka8 Kc8 79. a7 Kc7 1/2-1/2

[Event "*** Titled Tuesday Blitz"]
[Site "Chess.com"]
[Date "2020.05.19"]
[Round "2"]
[White "Savagelittlemole"]
[Black "PauloCesarCosta_sad"]
[Result "1-0"]
[WhiteElo "2537"]
[BlackElo "2204"]
[TimeControl "180+1"]
[EndTime "12:20:21 PDT"]
[Termination "Savagelittlemole won on time"]

1. e4 e6 2. d4 d5 3. Nd2 Nf6 4.
e5 Nfd7 5. Bd3 c5 6. c3 Nc6 7. Ne2 Qb6 8. Nf3 cxd4 9. cxd4 f6 10. exf6 Nxf6 11. O-O Bd6 12. Bf4 Bxf4 13. Nxf4 Qxb2 14. Re1 O-O 15. Nxe6 Bxe6 16. Rxe6 Rae8 17. Rxe8 Rxe8 18.
Rb1 Qxa2 19. Rxb7 Ne4 20. Bxe4 dxe4 21. Ng5 h6 22. Nf7 Qd5 23. h3 Ne7 24. Nxh6+ gxh6 25. Rxa7 Kf8 26. Qg4 Qxd4 27. Qf4+ Kg7 28. Ra6 Ng8 29.
Qg4+ Kh8 30. Qg6 Rf8 31. Qg3 Qd5 32. Rg6 Qf7 33. Rc6 Qf5 34. Rc7 Rf7 35. Rc6 Qf4 36. Qxf4 Rxf4 37. Kf1 Rf6 38. Rc7 Re6 39. Ke2 Nf6 40.
f3 exf3+ 41. Kxf3 Re8 42. g4 Rf8 43. Kg3 Nd5 44. Rc6 Nc7 45. Rxc7 Rg8 46. Kh4 Rg5 47. Rd7 Kg8 48. Rd6 Kg7 49. Rd7+ Kg6 50. Rd8 Kg7 51. Rd4 Kg6 52. Rf4 Kg7 53. Rf5 Kg6 54. Rxg5+ hxg5+ 55. Kg3 Kf6 56. Kf3 Ke5 57. Ke3 Kd5 58. Kd3 Ke5 59.
Ke3 Kd5 60. Kf3 Ke5 61. Kg3 Ke4 62. h4 gxh4+ 63. Kxh4 Ke5 64. Kg5 Ke6 65. Kg6 Ke7 66. Kg7 Ke8 67. g5 Ke7 68. g6 Ke6 69. Kh7 Kf6 70. g7 Kf5 71. g8=Q Kf6 72. Qg4 Ke5 73. Kg6 Kd6 74. Qf4+ Kc5 75. Qe4 Kb6 76. Qd4+ Ka5 77. Qb2 Ka6 78. Kf6 Ka5 79. Ke6 Ka6 80. Kd6 Ka5 81.
Kc6 Ka4 82. Kc5 1-0

[Event "*** Titled Tuesday Blitz"]
[Site "Chess.com"]
[Date "2020.05.19"]
[Round "2"]
[White "rynos0411"]
[Black "NodariousBIG"]
[Result "1-0"]
[WhiteElo "2342"]
[BlackElo "2647"]
[TimeControl "180+1"]
[EndTime "12:20:23 PDT"]
[Termination "rynos0411 won by checkmate"]

1. d4 e6 2. Nf3 f5 3. c4 b6 4. g3 Bb7 5. Bg2 Nf6 6. Nc3 Bb4 7.
Bd2 Bxc3 8. Bxc3 Ne4 9. Qc2 Nxc3 10. Qxc3 Be4 11. d5 O-O 12. dxe6 dxe6 13. O-O Nd7 14.
Rad1 Qe7 15. b4 a5 16. a3 axb4 17. axb4 Ra2 18. e3 Rc2 19. Qd4 Nf6 20. Ne5 Bxg2 21. Kxg2 Qxb4 22. Qd3 Rc3 23. Qd4 Ne4 24. Nd7 Re8 25. Ne5 Nd6 26. Rb1 Rb3 27. Nd3 Qa4 28.
Rxb3 Qxb3 29. c5 bxc5 30. Nxc5 Qd5+ 31. Qxd5 exd5 32. Rd1 c6 33. Ra1 Ne4 34. Nd3 c5 35.
Nf4 d4 36. exd4 cxd4 37. Rd1 g5 38. Nd3 Nc3 39. Ra1 Kf7 40. Ra7+ Ke6 41. Rxh7 Kd5 42. Rg7 Kc4 43. Nc1 Kd5 44. Rd7+ Kc5 45. Nd3+ Kc4 46. Nb2+ Kb3 47. Nd3 Nb5 48. Nc5+ Kc4 49. Na4 Nc3 50.
Nb2+ Kb3 51. Nd3 Nb5 52. Nc5+ Kc2 53. h4 gxh4 54. gxh4 Rc8 55. Ne6 d3 56. Nd4+ Nxd4 57. Rxd4 d2 58. Kf3 d1=Q+ 59. Rxd1 Kxd1 60. Kf4 Rc4+ 61. Kxf5 Rxh4 62. f4 Ke2 63. Kg5 Rh1 64. f5 Ke3 65. f6 Ke4 66. f7 Rf1 67. Kg6 Ke5 68. Kg7 Rg1+ 69. Kh7 Rf1 70. Kg7 Rg1+ 71. Kh7 Rh1+ 72.
Kg7 Rf1 73. f8=Q Rg1+ 74. Kh8 Rh1+ 75. Kg7 Rg1+ 76. Kf7 Rh1 77. Qe7+ Kf5 78. Qf6+ Kg4 79. Qe6+ Kg3 80. Qe5+ Kg2 81. Kf6 Rf1+ 82. Kg5 Rf2 83.
Qe4+ Kf1 84. Kg4 Rg2+ 85. Kh3 Rd2 86. Kg3 Re2 87. Qh1# 1-0

[Event "*** Titled Tuesday Blitz"]
[Site "Chess.com"]
[Date "2020.05.19"]
[Round "2"]
[White "Quattroporte300"]
[Black "Natalya_Buksa"]
[Result "1-0"]
[WhiteElo "2315"]
[BlackElo "2552"]
[TimeControl "180+1"]
[EndTime "12:20:28 PDT"]
[Termination "Quattroporte300 won by resignation"]

1. e4 c5 2. Nf3 Nc6 3. d4 cxd4 4.
Nxd4 Nf6 5. Nc3 e5 6. Ndb5 d6 7. Bg5 a6 8. Na3 b5 9. Bxf6 gxf6 10.
Nd5 f5 11. g3 Be6 12. Bg2 fxe4 13. Bxe4 Bg7 14. Qh5 Rc8 15. c3 Ne7 16. Rd1 Nxd5 17. Bxd5 Qe7 18. Bxe6 Qxe6 19. Nc2 Rc5 20. O-O O-O 21.
Ne3 e4 22. Qe2 d5 23. Rd2 Rd8 24. Rfd1 Bh6 25. a3 f5 26. Qh5 f4 27. Rxd5 Rdxd5 28. Rxd5 Rc8 29. Nf5 Bf8 30. Re5 Qg6 31. Qxg6+ hxg6 32. Ne7+ Bxe7 33. Rxe7 e3 34. fxe3 fxg3 35. hxg3 Rd8 36.
Re6 Kf7 37. Rxa6 Rd2 38. b4 Rd3 39. Kf2 Rxc3 40. Kf3 Rb3 41. Ke4 Kg7 42. Kd4 Kh6 43. g4 Kg5 44. e4 Rb1 45. Ra5 Rd1+ 46. Ke3 Kxg4 47. Rxb5 Rf1 48. e5 g5 49. Ke2 Rf4 50.
Rd5 Kg3 51. e6 g4 52. Rd3+ Kg2 53. e7 Rf2+ 54. Ke3 Rf1 55. e8=Q Re1+ 56. Kd2 Rxe8 57. b5 g3 58. a4 Ra8 59. Ra3 Kf2 60. Ra2 g2 61. Kc3+ Kf3 62. Rxg2 Kxg2 63. Kb4 Kf3 64. b6 Ke4 65. a5 Rh8 66. Kb5 Kd5 67. b7 Kd6 68. Kb6 Kd7 69. a6 Rg8 70. a7 Rg6+ 71. Kb5 Rg5+ 72. Kb4 Rg4+ 73. Kc3 Rg3+ 74. Kd4 Rg4+ 75.
Ke5 Rg5+ 76. Kf4 Rb5 77. b8=Q Rc5 78. Qb7+ Kd6 79. Qb6+ Kd5 80. Qxc5+ Kxc5 81. a8=Q 1-0

[Event "*** Titled Tuesday Blitz"]
[Site "Chess.com"]
[Date "2020.05.19"]
[Round "2"]
[White "chenxiaoyuer"]
[Black "WildBizon"]
[Result "0-1"]
[WhiteElo "2283"]
[BlackElo "2614"]
[TimeControl "180+1"]
[EndTime "12:20:29 PDT"]
[Termination "WildBizon won on time"]

1. e4 c5 2. Nf3 Nc6 3. d4 cxd4 4.
Nxd4 Nf6 5. Nc3 d6 6. Be2 e5 7.
Nf3 h6 8. O-O Be7 9. h3 O-O 10.
Re1 Be6 11. Bf1 Qd7 12. b3 Bd8 13. Bb2 Ba5 14. Re3 Rac8 15. Nd2 Bb6 16. Rf3 Nh5 17. Nc4 Nd4 18. Nxb6 axb6 19. Rd3 Nf4 20. Rxd4 exd4 21. Qxd4 f6 22. Rd1 Rfd8 23. Qxb6 Bf7 24. Qe3 Ng6 25. Qd2 Qc6 26. Bb5 Qc5 27. a4 Ne5 28. Qd4 Bh5 29. Qxc5 dxc5 30. Rxd8+ Rxd8 31. Nd5 Bd1 32. Ne3 Bxc2 33. Nxc2 Rd1+ 34. Kh2 Rd2 35. Bxe5 fxe5 36. Ne3 Rxf2 37. Nc4 Re2 38. Nxe5 Rxe4 39. Nd7 Kf7 40. Nxc5 Re7 41. Bc4+ Kf6 42. b4 Ke5 43. a5 Kd4 44. Be2 Rxe2 45. Nxb7 Kc4 46. Nd6+ Kxb4 47. Nf5 Kxa5 48.
Nxg7 Re5 49. g4 Kb6 50. Kg3 Kc7 51. Nf5 h5 52. Kf4 Ra5 53. gxh5 Kd7 54. h6 Ke6 55. Ng3 Kf6 56. h4 Kg6 57. Ne4 Ra4 58. Ke3 Kxh6 59. Nf2 Kh5 60. Nd3 Kxh4 61. Nf2 Kg5 62. Ne4+ Kf5 63.
Nf2 Ke5 64. Nd3+ Kd6 65. Nf4 Ra3+ 66. Ke4 Rb3 67. Nd3 Rc3 68. Nf4 Rc4+ 69. Ke3 Ke5 70. Nd3+ Kf5 71. Kf3 Rd4 72. Ke3 Re4+ 73. Kf3 Re8 74.
Nf2 Rd8 75. Ke3 Ra8 76. Kf3 Ra3+ 77. Ke2 Kf4 78. Nd3+ Ke4 79. Nf2+ Kd4 80. Kd2 Ra2+ 81. Ke1 Ke3 82. Nd1+ Kf3 83. Kf1 Re2 84. Nc3 Rd2 85.
Ke1 Rd3 86. Nd1 Rd8 87. Nb2 Rh8 88. Kd2 Rd8+ 89. Kc2 Ke3 90. Nc4+ Kd4 91. Nd2 Rc8+ 92. Kb2 Kd3 93. Nb1 Rb8+ 94. Kc1 Rb3 0-1

[Event "*** Titled Tuesday Blitz"]
[Site "Chess.com"]
[Date "2020.05.19"]
[Round "2"]
[White "DinaBelenkaya"]
[Black "Shuvalov"]
[Result "1-0"]
[WhiteElo "2209"]
[BlackElo "2411"]
[TimeControl "180+1"]
[EndTime "12:20:31 PDT"]
[Termination "DinaBelenkaya won by checkmate"]

1. e4 e6 2. Qe2 c5 3. g3 Nc6 4. Nf3 Nf6 5. c3 d5 6. e5 Nd7 7.
d4 a5 8. Bg2 b6 9. Na3 cxd4 10.
cxd4 Bxa3 11. bxa3 Ba6 12. Qb2 a4 13. Bf1 Qc8 14. Be2 Na5 15. O-O Bxe2 16. Qxe2 Nc4 17. Bd2 Nb8 18. Rfc1 Nc6 19. Rab1 O-O 20. Rb5 Qa6 21.
Rbb1 Nxa3 22. Qxa6 Rxa6 23. Rxc6 Nxb1 24. Bb4 Re8 25. Rc1 h6 26. Rxb1 Rc8 27. a3 Rc2 28. Bd6 Kh7 29. Kf1 Kg6 30. Ne1 Rc3 31. Ke2 Kf5 32. f3 h5 33. Kd2 Rb3 34. Rxb3 axb3 35.
Kc3 g5 36. h3 g4 37. hxg4+ hxg4 38. fxg4+ Kxg4 39. Kxb3 Kxg3 40. Nd3 Kf3 41. Nb4 Ra8 42. Bc7 b5 43. Bb6 Ke4 44. Bc5 Rh8 45. Nc6 Rh1 46. Kb4 Rb1+ 47. Ka5 Kd3 48. Nb4+ Kc4 49. Na6 Ra1 50.
Nc7 Rb1 51. Ne8 Rb3 52. Nd6+ Kd3 53. Nxb5 Kc4 54. Nd6+ Kd3 55. a4 Rb1 56. Nb5 Ke4 57. Kb6 Kf5 58. a5 Ra1 59. a6 f6 60. exf6 Kxf6 61. Na3 Rh1 62. a7 Rh8 63. Nb5 Ra8 64.
Bd6 Rxa7 65. Nxa7 Kf5 66. Be5 Ke4 67. Nc6 Kd3 68. Nd8 Kc4 69. Nf7 Kd3 70. Kc6 Ke4 71.
Kd6 Kf5 72. Nd8 Kg6 73. Nxe6 Kf5 74. Kxd5 Kg6 75. Nc7 Kf7 76. Nb5 Ke7 77. Kc6 Ke6 78. Bf4 Kf5 79. Bh2 Kg4 80. d5 Kh3 81. d6 Kxh2 82.
d7 Kg3 83. d8=Q Kf3 84. Qe7 Kf4 85. Kd5 Kf5 86. Qe6+ Kf4 87. Qe5+ Kf3 88. Kd4 Kg4 89. Qf6 Kg3 90. Qf5 Kg2 91. Ke3 Kh1 92. Qg5 Kh2 93. Kf2 Kh1 94. Qg2# 1-0

[Event "*** Titled Tuesday Blitz"]
[Site "Chess.com"]
[Date "2020.05.19"]
[Round "2"]
[White "MasterKroket"]
[Black "MisiekZielony"]
[Result "1/2-1/2"]
[WhiteElo "2392"]
[BlackElo "2110"]
[TimeControl "180+1"]
[EndTime "12:20:35 PDT"]
[Termination "Game drawn by repetition"]

1. d4 d5 2. c4 c6 3. Nf3 Nf6 4. Nc3 dxc4 5. a4 a5 6. e4 Bg4 7.
Bxc4 e6 8. h3 Bh5 9. Be3 Bb4 10.
Qc2 Nbd7 11. Nd2 Bg6 12. O-O Nd5 13. Nxd5 exd5 14. Bd3 Bxd2 15. Bxd2 dxe4 16. Bxe4 O-O 17. Rfd1 Nf6 18. Bxg6 hxg6 19. Bg5 Qd7 20. Bxf6 gxf6 21. Ra3 Rfd8 22. Rc3 Qe6 23. Rc5 Rd5 24. Qc3 Qd6 25. Re1 Rxd4 26. Rxa5 Rd8 27. Ra7 Rb4 28. a5 Kg7 29. a6 Rd7 30. axb7 Rdxb7 31. Rxb7 Rxb7 32. Rc1 c5 33. Rc2 Rb5 34. g3 Qb6 35. h4 Rb3 36.
Qxc5 Qxc5 37. Rxc5 Rxb2 38. Kg2 f5 39. Rc7 Rb3 40.
Ra7 Rc3 41. Re7 Rb3 42. Kf1 Rb2 43. Re2 Rb3 44. Rd2 Kf6 45. Ke2 f4 46. g4 Rh3 47. f3 Rxh4 48. Kd3 Rh8 49. Ke4 Ra8 50. Kxf4 Ra4+ 51. Kg3 Kg7 52. Rd6 Rb4 53. Rc6 Rd4 54. Rb6 Rc4 55. Rb2 Rd4 56. Re2 Rc4 57. Re3 Rd4 58. g5 Rd5 59. f4 Rf5 60. Kg4 Rb5 61.
Re4 Rb1 62. Re3 Rg1+ 63. Kf3 Rf1+ 64. Kg3 Ra1 65. Kf3 Ra5 66. Re4 Rf5 67. Kg4 Rd5 68. Re3 Rd4 69. Rf3 Rc4 70. Kg3 Rb4 71. Kg4 Rc4 72. Re3 Rb4 73. Re5 Rc4 74. Rd5 Rc3 75.
Re5 Rb3 76. Rc5 Rb2 77. Rc4 Rb3 78. Rc5 Rb4 79. Re5 Ra4 80. Kf3 Rb4 81. Kg4 1/2-1/2

[Event "*** Titled Tuesday Blitz"]
[Site "Chess.com"]
[Date "2020.05.19"]
[Round "2"]
[White "Semen_Khanin"]
[Black "esskeettit"]
[Result "1-0"]
[WhiteElo "2650"]
[BlackElo "2323"]
[TimeControl "180+1"]
[EndTime "12:20:37 PDT"]
[Termination "Semen_Khanin won on time"]

1. e4 c5 2. Nf3 Nc6 3. c3 d5 4. exd5 Qxd5 5. Na3 Bg4 6. Be2 Nf6 7. Qa4 e6 8. Nc4 Rd8 9. Ne3 Qh5 10. h3 Bxf3 11.
Bxf3 Qe5 12. Bxc6+ bxc6 13. Qxc6+ Nd7 14. O-O Be7 15.
d4 cxd4 16. cxd4 Qxd4 17. Rd1 Qc5 18. Qa4 Qc7 19. Bd2 O-O 20. Rac1 Qb7 21. b3 Nc5 22. Qg4 Ne4 23. Ba5 Rxd1+ 24. Rxd1 Rc8 25. Nc4 Nf6 26. Qe2 h6 27. Bc3 Nd5 28. Be5 Rd8 29. Qf3 Qc8 30. Rd4 Nf6 31. a4 Rxd4 32. Bxd4 Qd7 33. Qa8+ Kh7 34.
Qxa7 Qd5 35. Bxf6 Bxf6 36. Qxf7 Qd1+ 37. Kh2 Qxb3 38. Qxe6 Qxa4 39. g3 Qa2 40. Qf5+ Kh8 41. Nd6 Bd4 42. Ne4 Qb2 43. h4 Qa2 44. Kg2 Qb2 45.
h5 Qc2 46. Qd5 Bb6 47. Qf5 Bd4 48. Kh3 Bb2 49. Nd6 Qc1 50. Qc8+ Qxc8+ 51. Nxc8 Kg8 52.
Kg4 Bd4 53. f3 Kf7 54. Kf5 Bf2 55. Nd6+ Ke7 56. Ne4 Bb6 57. Kg6 Kf8 58. Nd6 Bd4 59.
Nf5 Be5 60. f4 Bc3 61. Ne3 Kg8 62. Kf5 Bd2 63. Nd5 Be1 64. g4 Kf7 65. Ne3 Bd2 66. Nc4 Bc3 67. Ne5+ Ke7 68. Kg6 Kf8 69. Nd7+ Kg8 70. Nc5 Bd2 71. Ne6 Bc3 72. f5 Bb2 73. Nf4 Bc3 74. Nd5 Bb2 75. f6 1-0

[Event "*** Titled Tuesday Blitz"]
[Site "Chess.com"]
[Date "2020.05.19"]
[Round "2"]
[White "Anna_ChessMate"]
[Black "MirMan90"]
[Result "1/2-1/2"]
[WhiteElo "2508"]
[BlackElo "2746"]
[TimeControl "180+1"]
[EndTime "12:20:40 PDT"]
[Termination "Game drawn - insufficient material"]

1. d4 Nf6 2. c4 g6 3. g3 d6 4. Bg2 Bg7 5. Nf3 O-O 6. Nc3 Nc6 7. O-O Bf5 8. Ne1 Qc8 9. b3 Bh3 10. Bb2 Bxg2 11. Nxg2 e5 12. d5 Ne7 13. f4 exf4 14.
gxf4 Nd7 15. e4 f5 16. Qc2 Nc5 17. Rae1 fxe4 18. b4 Nd3 19. Rxe4 Nxb2 20. Rxe7 Nxc4 21. Nb5 Nb6 22. Nxc7 Bd4+ 23. Kh1 Bf6 24. Re2 Rf7 25.
Nxa8 Qxa8 26. Ne3 Qd8 27. Ng4 Nxd5 28. Qc4 Nb6 29. Qe6 Kg7 30. f5 g5 31. Rd1 d5 32.
Nxf6 Qxf6 33. Qxf6+ Kxf6 34. Rf1 Rd7 35. Re6+ Kf7 36.
Rh6 Kg7 37. Rh3 d4 38. f6+ Kg6 39. f7 Rxf7 40. Rxf7 Kxf7 41. Rxh7+ Ke6 42. Kg2 Nd7 43. Kf3 a6 44. Ke2 b6 45. Kd3 Nf6 46. Rb7 Nd5 47.
Kxd4 g4 48. a3 Kd6 49. Rh7 Nf4 50. Rh6+ Kc7 51. Ke5 Ne2 52. Kf5 g3 53. hxg3 Nxg3+ 54. Ke5 Ne2 55. Kd5 Nc3+ 56. Kc4 Ne4 57. a4 Kb7 58.
Kd5 Nc3+ 59. Kd6 Nxa4 60. Rh7+ Kb8 61. Kc6 b5 62. Rh8+ Ka7 63. Rh7+ Kb8 64. Rh3 Ka7 65. Kc7 a5 66. bxa5 Ka6 67. Kc6 Kxa5 68. Rh5 Nc3 69. Kc5 b4 70. Kc4+ Ka4 71. Rh8 Ka3 72. Ra8+ Na4 73.
Kb5 b3 74. Rxa4+ Kb2 75. Kc4 Kc2 76. Rb4 b2 77. Rxb2+ Kxb2 1/2-1/2